3AA
SPRINGFIELD SHOOTERS @ VIRGINIA BEACH DEUCES
08/31/2027
 
TOP OF THE 1ST
Springfield Shooters batting - Pitching for Virginia Beach Deuces : LHP Miguel López
Pitching: LHP Miguel López
Batting: SHB Benedict Patel 0-0: Swinging Strike
0-1: Ball
1-1: Ball
2-1: Called Strike
2-2: Ground out 4-3 (Groundball, 34)
Batting: RHB Javier Vásquez 0-0: Ground out U3 (Groundball, 3)
Batting: RHB Gabrio Campoverde 0-0: SINGLE (Line Drive, 8LS)
Batting: RHB Carlos Cardona 0-0: Called Strike
0-1: Ball
1-1: Ball
2-1: Fly out, F8 (Flyball, 8LXD)
Top of the 1st over - 0 run(s), 1 hit(s), 0 error(s), 1 left on base; Springfield 0 - Virginia Beach 0
BOTTOM OF THE 1ST
Virginia Beach Deuces batting - Pitching for Springfield Shooters : LHP Song-saeng Kim
Pitching: LHP Song-saeng Kim
Batting: LHB Atílio Mansilhas 0-0: Called Strike
0-1: Ball
1-1: Called Strike
1-2: Foul Ball, location: 2F
1-2: Fly out, F6 (Line Drive, 6)
Batting: RHB Robert Emmet Odlum 0-0: Called Strike
0-1: Foul Ball, location: 2F
0-2: Ball
1-2: Fly out, F3 (Popup, 3S)
Batting: RHB Zander Bailey 0-0: Ground out 5-3 (Groundball, 5)
Bottom of the 1st over - 0 run(s), 0 hit(s), 0 error(s), 0 left on base; Springfield 0 - Virginia Beach 0
TOP OF THE 2ND
Springfield Shooters batting - Pitching for Virginia Beach Deuces : LHP Miguel López
Batting: LHB Daniel Faraday 0-0: Ball
1-0: Called Strike
1-1: Fly out, F8 (Flyball, 8RM)
Batting: RHB Esteban Alvarado 0-0: Called Strike
0-1: Ball
1-1: Ball
2-1: Foul Ball, location: 2F
2-2: Ball
3-2: Foul Ball, location: 2F
3-2: Base on Balls
Batting: RHB Javier De Jesús 0-0: Called Strike
0-1: Ball
1-1: Foul Ball, location: 2F
1-2: Foul Ball, location: 2F
1-2: Strikes out looking
Batting: RHB Willis Kirkendall 0-0: Ball
1-0: Called Strike
1-1: Ball
2-1: Ball
3-1: Base on Balls
Esteban Alvarado to second
Batting: RHB Francisco Gonzáles 0-0: Called Strike
0-1: Ball
1-1: Ball
2-1: Called Strike
2-2: SINGLE (Groundball, 4MD)
Esteban Alvarado to third
Willis Kirkendall to second
Runner from 3rd tries for Home, SAFE, no throw
Batting: SHB Benedict Patel 0-0: Fly out, F4 (Popup, 34)
Top of the 2nd over - 1 run(s), 1 hit(s), 0 error(s), 2 left on base; Springfield 1 - Virginia Beach 0
BOTTOM OF THE 2ND
Virginia Beach Deuces batting - Pitching for Springfield Shooters : LHP Song-saeng Kim
Batting: RHB Juan González 0-0: Ball
1-0: Fly out, F9 (Flyball, 89D)
Batting: SHB Carlos Pérez 0-0: Ball
1-0: Ball
2-0: Ground out 3-1 (Groundball, 34)
Batting: RHB Reg Spiers 0-0: Swinging Strike
0-1: Foul Ball, location: 2F
0-2: Ball
1-2: Ball
2-2: Strikes out looking
Bottom of the 2nd over - 0 run(s), 0 hit(s), 0 error(s), 0 left on base; Springfield 1 - Virginia Beach 0
TOP OF THE 3RD
Springfield Shooters batting - Pitching for Virginia Beach Deuces : LHP Miguel López
Batting: RHB Javier Vásquez 0-0: Ball
1-0: Ball
2-0: Ground out 1-3 (Groundball, 13S)
Batting: RHB Gabrio Campoverde 0-0: Ball
1-0: Called Strike
1-1: Ground out 4-3 (Groundball, 6)
Batting: RHB Carlos Cardona 0-0: Called Strike
0-1: Ball
1-1: Ball
2-1: Called Strike
2-2: Foul Ball, location: 2F
2-2: SINGLE (Line Drive, 8LS)
Batting: LHB Daniel Faraday 0-0: Ball
1-0: Ball
2-0: Ball
3-0: Base on Balls
Carlos Cardona to second
Batting: RHB Esteban Alvarado 0-0: Called Strike
0-1: Ball
1-1: Foul Ball, location: 2F
1-2: Ball
2-2: Fielders Choice at 2nd, 5-4 (Groundball, 56)
Top of the 3rd over - 0 run(s), 1 hit(s), 0 error(s), 1 left on base; Springfield 1 - Virginia Beach 0
BOTTOM OF THE 3RD
Virginia Beach Deuces batting - Pitching for Springfield Shooters : LHP Song-saeng Kim
Batting: SHB Gabriel Pittman 0-0: Called Strike
0-1: Foul Ball, location: 2F
0-2: Strikes out looking
Batting: RHB Clarence Weber 0-0: Ground out 1-3 (Groundball, P)
Batting: RHB Rodney Dudley 0-0: Swinging Strike
0-1: Foul Ball, location: 2F
0-2: Ball
1-2: Ball
2-2: SINGLE (Groundball, 3D)
Batting: LHB Atílio Mansilhas 0-0: Ball
1-0: Fielders Choice at 2nd, 5-4 (Groundball, 5L)
Bottom of the 3rd over - 0 run(s), 1 hit(s), 0 error(s), 0 left on base; Springfield 1 - Virginia Beach 0
TOP OF THE 4TH
Springfield Shooters batting - Pitching for Virginia Beach Deuces : LHP Miguel López
Batting: RHB Javier De Jesús 0-0: Called Strike
0-1: Called Strike
0-2: Foul Ball, location: 2F
0-2: Ground out 3-1 (Groundball, 34)
Batting: RHB Willis Kirkendall 0-0: Fly out, F8 (Line Drive, 8RXD)
Batting: RHB Francisco Gonzáles 0-0: Swinging Strike
0-1: Foul Ball, location: 2F
0-2: Foul Ball, location: 2F
0-2: Ball
1-2: Ground out 6-3 (Groundball, 6)
Top of the 4th over - 0 run(s), 0 hit(s), 0 error(s), 0 left on base; Springfield 1 - Virginia Beach 0
BOTTOM OF THE 4TH
Virginia Beach Deuces batting - Pitching for Springfield Shooters : LHP Song-saeng Kim
Batting: RHB Robert Emmet Odlum 0-0: Ball
1-0: Foul Ball, location: 2F
1-1: SINGLE (Line Drive, 8RM)
Batting: RHB Zander Bailey 0-0: Ball
1-0: Foul Ball, location: 2F
1-1: Ball
2-1: Ball
3-1: SINGLE (Flyball, 8LS)
Robert Emmet Odlum to second
Runner from 2nd tries for 3rd, SAFE, no throw
Batting: RHB Juan González 0-0: Called Strike
0-1: Ball
1-1: Grounds into double play, 5-4-3 (Groundball, 56)
Robert Emmet Odlum scores
Batting: SHB Carlos Pérez 0-0: Called Strike
0-1: Ball
1-1: Ball
2-1: Ball
3-1: DOUBLE (Line Drive, 78M)
Batting: RHB Reg Spiers 0-0: Called Strike
0-1: Called Strike
0-2: Ground out 5-3 (Groundball, 5L)
Bottom of the 4th over - 1 run(s), 3 hit(s), 0 error(s), 1 left on base; Springfield 1 - Virginia Beach 1
TOP OF THE 5TH
Springfield Shooters batting - Pitching for Virginia Beach Deuces : LHP Miguel López
Batting: SHB Benedict Patel 0-0: Swinging Strike
0-1: Called Strike
0-2: Strikes out swinging
Batting: RHB Javier Vásquez 0-0: Ball
1-0: Foul Ball, location: 2F
1-1: Called Strike
1-2: Strikes out swinging
Batting: RHB Gabrio Campoverde 0-0: Swinging Strike
0-1: Ball
1-1: Ball
2-1: Foul Ball, location: 2F
2-2: Foul Ball, location: 2F
2-2: Foul Ball, location: 2F
2-2: Foul Ball, location: 2F
2-2: Strikes out looking
Top of the 5th over - 0 run(s), 0 hit(s), 0 error(s), 0 left on base; Springfield 1 - Virginia Beach 1
BOTTOM OF THE 5TH
Virginia Beach Deuces batting - Pitching for Springfield Shooters : LHP Song-saeng Kim
Batting: SHB Gabriel Pittman 0-0: Called Strike
0-1: Foul Ball, location: 2F
0-2: Fly out, F8 (Flyball, 8LM)
Batting: RHB Clarence Weber 0-0: Called Strike
0-1: Ball
1-1: Fly out, F9 (Flyball, 89M)
Batting: RHB Rodney Dudley 0-0: Foul Ball, location: 2F
0-1: Bunt missed!
0-2: Strikes out swinging
Bottom of the 5th over - 0 run(s), 0 hit(s), 0 error(s), 0 left on base; Springfield 1 - Virginia Beach 1
TOP OF THE 6TH
Springfield Shooters batting - Pitching for Virginia Beach Deuces : LHP Miguel López
Batting: RHB Carlos Cardona 0-0: Ground out U3 (Groundball, 34S)
Batting: LHB Daniel Faraday 0-0: Ball
1-0: Foul Ball, location: 2F
1-1: Foul Ball, location: 2F
1-2: Fly out, F6 (Line Drive, 56)
Batting: RHB Esteban Alvarado 0-0: Ball
1-0: Fly out, F3 (Flyball, 3DF)
Top of the 6th over - 0 run(s), 0 hit(s), 0 error(s), 0 left on base; Springfield 1 - Virginia Beach 1
BOTTOM OF THE 6TH
Virginia Beach Deuces batting - Pitching for Springfield Shooters : LHP Song-saeng Kim
Batting: LHB Atílio Mansilhas 0-0: Ground out 6-3 (Groundball, 6)
Batting: RHB Robert Emmet Odlum 0-0: Ball
1-0: Foul Ball, location: 2F
1-1: Ball
2-1: Ball
3-1: Foul Ball, location: 2F
3-2: Ground out 6-3 (Groundball, 6MS)
Batting: RHB Zander Bailey 0-0: Ball
1-0: Called Strike
1-1: Foul Ball, location: 2F
1-2: Hit by Pitch
Batting: RHB Juan González 0-0: Called Strike
0-1: Ball
1-1: Fly out, F8 (Line Drive, 8LM)
Bottom of the 6th over - 0 run(s), 0 hit(s), 0 error(s), 1 left on base; Springfield 1 - Virginia Beach 1
TOP OF THE 7TH
Springfield Shooters batting - Pitching for Virginia Beach Deuces : LHP Miguel López
Batting: RHB Javier De Jesús 0-0: Fly out, F4 (Line Drive, 4)
Batting: RHB Willis Kirkendall 0-0: Swinging Strike
0-1: Ground out 5-3 (Groundball, 56S)
Pinch Hitting: RHB Bennett Bates 0-0: Called Strike
0-1: Foul Ball, location: 2F
0-2: Strikes out swinging
Top of the 7th over - 0 run(s), 0 hit(s), 0 error(s), 0 left on base; Springfield 1 - Virginia Beach 1
BOTTOM OF THE 7TH
Virginia Beach Deuces batting - Pitching for Springfield Shooters : LHP Song-saeng Kim
Now at SS: Johnny Bryant
Batting: SHB Carlos Pérez 0-0: Foul Ball, location: 2F
0-1: Ball
1-1: Ball
2-1: Ball
3-1: Called Strike
3-2: SINGLE (Groundball, 34D)
Batting: RHB Reg Spiers 0-0: Foul Ball, location: 2F
0-1: Swinging Strike
0-2: Ball
1-2: Ball
2-2: Foul Ball, location: 2F
2-2: Ball
3-2: Foul Ball, location: 2F
3-2: Base on Balls
Carlos Pérez to second
Batting: SHB Gabriel Pittman 0-0: Sac Bunt - play at first, batter OUT! 1-4
Carlos Pérez to third
Reg Spiers to second
Batting: RHB Clarence Weber 0-0: Reached on error, E5 (Groundball, 56)
Carlos Pérez scores
Reg Spiers to third
Pinch Hitting: RHB Victor Housel 0-0: Called Strike
0-1: Ball
1-1: Ball
2-1: Fly out, F8 (Flyball, 8LD)
Runner from 3rd tags up, SCORES, no throw
Batting: LHB Atílio Mansilhas 0-0: Ball
1-0: Swinging Strike
1-1: Ball
2-1: Ground out 6-3 (Groundball, 6S)
Bottom of the 7th over - 2 run(s), 1 hit(s), 1 error(s), 1 left on base; Springfield 1 - Virginia Beach 3
TOP OF THE 8TH
Springfield Shooters batting - Pitching for Virginia Beach Deuces : LHP Miguel López
Now in RF: Victor Housel
Batting: SHB Benedict Patel 0-0: Called Strike
0-1: Called Strike
0-2: Ball
1-2: Foul Ball, location: 2F
1-2: Strikes out swinging
Pitching: RHP Jim Unknown
Batting: RHB Javier Vásquez 0-0: Ball
1-0: Swinging Strike
1-1: Foul Ball, location: 2F
1-2: Ball
2-2: Ball
3-2: Strikes out looking
Batting: RHB Gabrio Campoverde 0-0: Ball
1-0: Fly out, F5 (Popup, 5S)
Top of the 8th over - 0 run(s), 0 hit(s), 0 error(s), 0 left on base; Springfield 1 - Virginia Beach 3
BOTTOM OF THE 8TH
Virginia Beach Deuces batting - Pitching for Springfield Shooters : LHP Song-saeng Kim
Batting: RHB Robert Emmet Odlum 0-0: Ball
1-0: Called Strike
1-1: Ground out 4-3 (Groundball, 4M)
Batting: RHB Zander Bailey 0-0: Ball
1-0: Called Strike
1-1: Single, Error in OF, E7, batter to second base
Batting: RHB Juan González 0-0: Called Strike
0-1: Ball
1-1: Called Strike
1-2: Ball
2-2: Ball
3-2: Base on Balls
Pitching: RHP Kozue Koga
Batting: SHB Carlos Pérez 0-0: Foul Ball, location: 2F
0-1: Foul Ball, location: 2F
0-2: Ball
1-2: Ball
2-2: SINGLE (Groundball, 56S) (infield hit)
Zander Bailey to third
Juan González to second
Pinch Hitting: LHB Alfonso Núńez 0-0: Ball
1-0: Called Strike
1-1: Called Strike
1-2: Strikes out swinging
Pinch Hitting: LHB Félix González 0-0: Ball
1-0: Ball
2-0: Foul Ball, location: 2F
2-1: Foul Ball, location: 2F
2-2: Ball
3-2: Base on Balls
Zander Bailey scores
Juan González to third
Carlos Pérez to second
Pinch Hitting: LHB Salvadaro Meireles 0-0: Called Strike
0-1: Swinging Strike
0-2: Ball
1-2: Strikes out swinging
Bottom of the 8th over - 1 run(s), 2 hit(s), 1 error(s), 3 left on base; Springfield 1 - Virginia Beach 4
TOP OF THE 9TH
Springfield Shooters batting - Pitching for Virginia Beach Deuces : RHP Jim Unknown
Now at SS: Ramón Castro
Now in CF: Félix González
Now in RF: Alfonso Núńez
Batting: RHB Carlos Cardona 0-0: Fly out, F2 (Popup, 23)
Batting: LHB Daniel Faraday 0-0: Foul Ball, location: 2F
0-1: Ball
1-1: Ball
2-1: Ball
3-1: Fly out, F5 (Line Drive, 56S)
Batting: RHB Esteban Alvarado 0-0: Called Strike
0-1: Foul Ball, location: 2F
0-2: DOUBLE (Line Drive, 9LM)
Batting: RHB Javier De Jesús 0-0: Called Strike
0-1: Swinging Strike
0-2: Fly out, F8 (Flyball, 8LS)
Top of the 9th over - 0 run(s), 1 hit(s), 0 error(s), 1 left on base; Springfield 1 - Virginia Beach 4
Saturday, May 26th, 2018 - OOTP Baseball 17.12 Build 75